 Dungeon Crawl Stone Soup version 0.30-a0-263-ge22c4ad894 (webtiles) character file.

Game seed: 12541053546325871454

525 boo the Poker (level 7, -3/54 HPs)
             Began as a Merfolk Gladiator on Oct 13, 2022.
             Slain by a gnoll
             ... wielding a +0 spear
              (4 damage)
             ... on level 3 of the Dungeon.
             The game lasted 00:05:16 (2841 turns).

boo the Poker (Merfolk Gladiator)                   Turns: 2841, Time: 00:05:17

Health: -3/54      AC:  4    Str: 16    XL:     7   Next: 23%
Magic:  7/7        EV: 14    Int:  8    God:
Gold:   163        SH:  0    Dex: 15    Spells: 6/6 levels left

rFire   . . .      SeeInvis +    a - +1 trident
rCold   . . .      Faith    .    (no shield)
rNeg    . . .      Spirit   .    b - +0 leather armour
rPois   .          Reflect  .    k - +1 hat
rElec   .          Harm     .    (no cloak)
rCorr   +          Rampage  .    (no gloves)
Will    .....                    (no boots)
Stlth   +.........               (no amulet)
HPRegen 0.29/turn                o - ring of see invisible
MPRegen 0.10/turn                n - ring of resist corrosion

@: no status effects
A: (nimble swimmer 2), mertail
a: no special abilities


You were on level 3 of the Dungeon.
You visited 1 branch of the dungeon, and saw 3 of its levels.
You also visited: Sewer.

You collected 163 gold pieces.

Inventory:

Hand Weapons
 a - a +1 trident (weapon)
Missiles
 d - 3 throwing nets (quivered)
 e - a javelin
Armour
 b - a +0 leather armour (worn)
 k - a +1 hat (worn)
Jewellery
 n - a ring of resist corrosion (right hand)
 o - a ring of see invisible (left hand)
 p - a ring of protection from fire
 r - a ring of positive energy
Wands
 q - a wand of light (3)
Scrolls
 c - a scroll of poison {unknown}
 f - a scroll of vulnerability {unknown}
 g - 2 scrolls of teleportation
 j - a scroll of enchant weapon
 m - a scroll of identify {unknown}
Potions
 h - a potion of degeneration {unknown}
 i - a potion of attraction {unknown}
 l - a potion of curing {unknown}
 s - a potion of magic {unknown}
 t - a potion of mutation {unknown}
 u - a potion of brilliance {unknown}


   Skills:
 + Level 4.1 Fighting
 * Level 7.3 Polearms
 + Level 3.8 Throwing
 + Level 5.9 Dodging


You had 6 spell levels left.
You didn't know any spells.
Your spell library contained the following spells:

 Spells                   Type           Power      Damage    Failure   Level
 Apportation              Tloc           0%         N/A       47%         1
 Necrotise                Necr           0%         1d4       47%         1
 Summon Small Mammal      Summ           0%         N/A       47%         1
 Vampiric Draining        Necr           0%         2d6       85%         3
 Agony                    Necr           0%         N/A       100%        5


Dungeon Overview and Level Annotations

Branches:
Dungeon (3/15)              Sewer (visited)

Altars:

Annotations:
D:2 exclusion: downstairs


Innate Abilities, Weirdness & Mutations

((You are very nimble when in or above water. (Stealth+, EV+, Speed+++)))
Your lower body shifts to a powerful aquatic tail in water.


Message History

The puff of flame hits you. The orc barely misses you.
You're too confused to move!
The orc wizard closely misses you.
You closely miss the orc wizard.
The orc wizard is almost dead.
The orc wizard casts a spell at you.
You are more confused.
The orc hits you with a +0 hand axe. The orc hits you but does no damage.
You barely miss the orc.
The orc wizard gestures at you while chanting.
The magic dart hits you. The gnoll misses you. The orc closely misses you.
The orc hits you but does no damage.
You miss the orc wizard.
The orc wizard is almost dead.
The orc wizard hits you with a +0 dagger.
The gnoll hits you from afar with a +0 spear!
The orc barely misses you. The orc hits you with a +0 short sword.
You bump into the rock wall.
The orc wizard hits you with a +0 dagger.
The orc misses you.
The gnoll hits you from afar with a +0 spear.
The orc barely misses you.
You hit the orc wizard.
You kill the orc wizard!
The orc hits you with a +0 hand axe. The orc hits you with a +0 short sword.
* * * LOW HITPOINT WARNING * * *
The gnoll hits you from afar with a +0 spear!
* * * LOW HITPOINT WARNING * * *
You puncture the orc!
You kill the orc!
The orc barely misses you. The gnoll misses you.
The orc hits you with a +0 hand axe.
* * * LOW HITPOINT WARNING * * *
You feel less confused. The orc completely misses you.
The gnoll hits you with a +0 spear.
* * * LOW HITPOINT WARNING * * *
The orc barely misses you.
An orc comes into view. It is wielding a +0 hand axe.
Items here: )) [[ †.
The gnoll attacks as you move away! The gnoll hits you with a +0 spear.
You die...

...###.##.########
b...####.##.####
...............#
#.>.####.##.##.# #..#
#.##.##.#####.# # #b.#
#......[......# #.#..#
#.......####### #....#
#g.#.#### #.# ##o@#.#
#)####.o.#.# #.##.....#.#
#)##.#.#.#.#
#.o......#.########
######.##..#.#.#.#.).......
g.....# #..#....†#..#########
...######..........##~~~~~~~##
...............#####~#######.#


You could see a gnoll and 3 orcs.

Vanquished Creatures
  5 kobold brigands (Sewer)
  An orc wizard (D:3)
  3 gnolls (D:3)
  4 adders
  A river rat (D:3)
  5 worms
  2 orcs (D:3)
  7 bats
  9 endoplasms
  2 giant cockroaches (D:3)
  4 hobgoblins
  3 jackals (D:1)
  3 quokkas (D:3)
  7 ball pythons
  5 frilled lizards
  2 goblins
  11 kobolds
  8 rats
82 creatures vanquished.

Notes
Turn   | Place    | Note
-------+----------+-------------------------------------------
     0 | D:1      | boo the Merfolk Gladiator began the quest for the Orb.
     0 | D:1      | Reached XP level 1. HP: 16/16 MP: 1/1
   260 | D:1      | Reached XP level 2. HP: 23/23 MP: 2/2
   627 | D:1      | Reached XP level 3. HP: 28/28 MP: 3/3
  1013 | D:2      | Found a faded altar of an unknown god.
  1919 | D:3      | Reached skill level 5 in Polearms
  1962 | D:3      | Reached XP level 4. HP: 34/34 MP: 4/4
  1974 | D:3      | Found a glowing drain.
  1978 | Sewer    | Entered a sewer
  2007 | Sewer    | Noticed a kobold brigand
  2025 | Sewer    | Killed a kobold brigand
  2026 | Sewer    | Reached XP level 5. HP: 40/41 MP: 5/5
  2106 | Sewer    | Reached skill level 5 in Dodging
  2204 | Sewer    | Noticed a kobold brigand
  2220 | Sewer    | Killed a kobold brigand
  2221 | Sewer    | Reached skill level 6 in Polearms
  2224 | Sewer    | Reached XP level 6. HP: 31/47 MP: 6/6
  2598 | Sewer    | Reached skill level 7 in Polearms
  2598 | Sewer    | Reached XP level 7. HP: 50/54 MP: 7/7
  2840 | D:3      | HP: 1/54 [gnoll/+0 spear (4)]
  2841 | D:3      | Slain by a gnoll

Illustrated notes

Levels and vault maps discovered:
D:1:      elethiomel_arrival_infinity_welcomes_careful_drivers,
          layout_loops_ring, chequers_jeans
D:2:      layout_basic, basic_ecumenical_altar
D:3:      layout_loops_ring, mainiacjoe_overflow_alcove_4,
          gup_sewer_entry_spiral

Skill      XL: |  1  2  3  4  5  6 |
---------------+-------------------+-----
Polearms       | 5 6 7 |  7.3
Fighting       | 3 4 |  4.1
Dodging        | 5 |  5.9
Throwing       | 3 |  3.8

Action                   |  1- 3 |  4- 6 |  7- 9 || total
-------------------------+-------+-------+-------++-------
Melee: Trident           |   153 |   105 |    41 ||   299
       Punch             |     1 |     1 |       ||     2
       Tailslap          |       |    13 |       ||    13
  Use: Scroll            |       |       |     2 ||     2
 Stab: Sleeping          |     9 |     3 |     2 ||    14
Armor: Leather armour    |    39 |     7 |     6 ||    52
Dodge: Dodged            |    83 |    43 |    31 ||   157

Table legend: (Time is in decaauts)
 A = Elapsed time spent in this place.
 B = Non-inter-level travel time spent in this place.
 C = Inter-level travel time spent in this place.
 D = Time resting spent in this place.
 E = Time spent auto-exploring this place.
 F = Levels seen in this place.
 G = Mean time per level.
                   A        B        C        D        E       F      G
               +--------+--------+--------+--------+--------+-----+--------+
         Total |   2705 |   2641 |     64 |    233 |   1746 |   4 |  676.2 |
       Dungeon |   2143 |   2079 |     64 |    123 |   1481 |   3 |  714.3 |
         Sewer |    562 |    562 |      0 |    110 |    265 |   1 |  562.0 |
               +--------+--------+--------+--------+--------+-----+--------+

Top non-repeatable levels by time:
     D:1: 909 daAuts
     D:2: 626 daAuts
     D:3: 607 daAuts
   Sewer: 562 daAuts
